 Dungeon Crawl Stone Soup version 0.32-a0-607-g64ea0e4219 (webtiles) character file.

Game seed: 3245938056767006922

2942901 starts1789 the Wrestler (level 27, 306/306 HPs)
             Began as an Octopode Shapeshifter on Mar 3, 2024.
             Was an Initiate of Gozag.
             Escaped with the Orb
             ... and 5 runes!
             The game lasted 04:25:08 (80345 turns).

starts1789 the Wrestler (Octopode Shapeshifter)    Turns: 80345, Time: 04:25:09

Health: 306/306    AC: 38    Str: 37 (38) XL:     27
Magic:  23/23      EV: 41    Int:  5 (12) God:    Gozag
Gold:   5678       SH: 32    Dex: 23      Spells: 16/26 levels left

rFire   + +          .
                       - Unarmed
rCold   + . .        z - +10 tower shield of Ignorance {rN+ Int-4}
rNeg    + + +        E - +3 crown of Dyrovepreva {rElec Int+2 SInv}
rPois   ∞            u - necklace of Bloodlust {Fury *Rage Will++ Int-3 Slay+6}
rElec   +            T - ring "Lan Qoosser" {Will+ Str+5 Stlth+}
rCorr   +            e - ring of the Hare {EV+10}
SInv    +            b - ring of Evum {Str+8 SInv}
Will    +++++        X - ring of resist corrosion
Stlth   +++          J - ring of Rarieg {rElec rF+ rN+ Will+ Int+2}
HPRegen 0.71/turn    R - ring "Xulolem" {rElec rPois rC+ Dex+6 Stlth+}
MPRegen 0.18/turn    S - ring "Bilyus" {*Corrode rElec rC+ Will+ Dex+4}
                     U - ring of Icat Nyxt {Fire ^Contam ^Drain rN+++ Int+4}

%: random rage (50%), corrode self (3%)
@: statue-form, hasted (expiring), studying 3 skills
A: slow and powerful, torment resistance 1, boosted hp, almost no armour,
amphibious, 8 rings, camouflage 1, (gelatinous body 1), (nimble swimmer 1),
tentacles, tentacle spike 2, see invisible, deterioration 1, dopey 1, robust 1,
(shaggy fur 1), inability to drink after injury 1
0: Orb of Zot
}: 5/15 runes: barnacled, slimy, silver, abyssal, gossamer
a: Begin Untransformation, Renounce Religion, Potion Petition, Call Merchant,
Bribe Branch


You escaped.
You worshipped Gozag.
Gozag was greatly pleased with you.
You were a living statue of rough stone.
You visited 14 branches of the dungeon, and saw 58 of its levels.
You visited the Abyss 1 time.
You also visited: Trove, Ossuary and Volcano.

You collected 35848 gold pieces.
You spent 5105 gold pieces at shops.
You paid 25065 gold pieces to Gozag.

Inventory:

Armour
 g - a +2 kite shield of cold resistance
 z - the +10 tower shield of Ignorance (worn) {rN+ Int-4}
   (You found it on level 5 of the Pits of Slime)

   Int-4:     It affects your intelligence (-4).
   rN+:       It protects you from negative energy.
 E - the +3 crown of Dyrovepreva (worn) {rElec Int+2 SInv}
   (You acquired it on level 2 of the Depths)

   Int+2:     It affects your intelligence (+2).
   rElec:     It insulates you from electricity.
   SInv:      It lets you see invisible.
 H - a +0 kite shield of fire resistance
Jewellery
 b - the ring of Evum (on tentacle) {Str+8 SInv}
   (You found it on level 5 of the Pits of Slime)

   [ring of see invisible]

   Str+8:     It affects your strength (+8).
   SInv:      It lets you see invisible.
 e - the ring of the Hare (right tentacle) {EV+10}
   (You took it off a deep elf knight on level 3 of the Elven Halls)

   [ring of evasion]

   EV+10:     It affects your evasion (+10).
 u - the necklace of Bloodlust (around mantle) {Fury *Rage Will++ Int-3 Slay+6}
   (You bought it in a shop on level 2 of the Lair of Beasts)

   [amulet of nothing]

   Fury:      It extends the wearer's berserk rage when killing foes.
   Int-3:     It affects your intelligence (-3).
   Slay+6:    It affects your accuracy & damage with ranged weapons and melee
   (+6).
   Will++:    It greatly increases your willpower.
   *Rage:     It berserks you when you make melee attacks (+50% chance).
 J - the ring of Rarieg (on tentacle) {rElec rF+ rN+ Will+ Int+2}
   (You found it on level 1 of the Crypt)

   [ring of willpower]

   Int+2:     It affects your intelligence (+2).
   rF+:       It protects you from fire.
   rElec:     It insulates you from electricity.
   rN+:       It protects you from negative energy.
   Will+:     It increases your willpower.
 R - the ring "Xulolem" (on tentacle) {rElec rPois rC+ Dex+6 Stlth+}
   (You took it off a deep elf pyromancer on level 11 of the Dungeon)

   [ring of dexterity]

   Dex+6:     It affects your dexterity (+6).
   rC+:       It protects you from cold.
   rElec:     It insulates you from electricity.
   rPois:     It protects you from poison.
   Stlth+:    It makes you more stealthy.
 S - the ring "Bilyus" (on tentacle) {*Corrode rElec rC+ Will+ Dex+4}
   (You found it on level 11 of the Dungeon)

   [ring of protection from cold]

   Dex+4:     It affects your dexterity (+4).
   rC+:       It protects you from cold.
   rElec:     It insulates you from electricity.
   Will+:     It increases your willpower.
   *Corrode:  It may corrode you when you take damage.
 T - the ring "Lan Qoosser" (left tentacle) {Will+ Str+5 Stlth+}
   (You bought it in a shop on level 2 of the Lair of Beasts)

   [ring of willpower]

   Str+5:     It affects your strength (+5).
   Will+:     It increases your willpower.
   Stlth+:    It makes you more stealthy.
 U - the ring of Icat Nyxt (on tentacle) {Fire ^Contam ^Drain rN+++ Int+4}
   (You found it on level 11 of the Dungeon)

   [ring of fire]

   Fire:      It enhances your fire magic.
   Int+4:     It affects your intelligence (+4).
   rF+:       It protects you from fire.
   rC-:       It makes you vulnerable to cold.
   rN+++:     It renders you almost immune to negative energy.
   ^Contam:   It causes magical contamination when unequipped.
   ^Drain:    It drains your maximum health when unequipped.
 X - a ring of resist corrosion (on tentacle)
Talismans
 w - a granite talisman (active)
 O - a storm talisman
Wands
 d - a wand of flame (59)
 k - a wand of digging (13)
 q - a wand of charming (61)
 t - a wand of mindburst (40)
 y - a wand of quicksilver (34) (quivered)
 G - a wand of warping (75)
 Z - a wand of polymorph (14)
Scrolls
 h - 21 scrolls of teleportation
 i - 10 scrolls of poison
 j - 4 scrolls of summoning
 m - 9 scrolls of enchant armour
 n - 2 scrolls of revelation
 p - 5 scrolls of torment
 B - a scroll of blinking
 K - 9 scrolls of fog
 L - 4 scrolls of silence
 M - 11 scrolls of fear
 N - 6 scrolls of immolation
 P - 7 scrolls of vulnerability
Potions
 f - 5 potions of invisibility
 l - 16 potions of mutation
 o - 7 potions of enlightenment
 r - 12 potions of attraction
 s - 23 potions of curing
 v - 7 potions of cancellation
 x - 9 potions of heal wounds
 A - 4 potions of ambrosia
 D - 5 potions of haste
 F - 18 potions of might
 Y - 3 potions of resistance
Miscellaneous
 a - a box of beasts
 c - a sack of spiders
 C - a phial of floods
 I - a phantom mirror (inert)
 Q - a lightning rod (1/4)
 V - the horn of Geryon
 W - a condenser vane


   Skills:
 + Level 24.3 Fighting
 + Level 23.1 Dodging
 - Level 10.0 Stealth
 + Level 17.1 Shields
 + Level 24.8 Unarmed Combat
 + Level 12.4 Translocations
 + Level 24.4 Evocations
 + Level 22.9 Shapeshifting


You had 16 spell levels left.
You knew the following spells:

 Your Spells              Type           Power      Damage    Failure   Level
a - Manifold Assault      Tloc           12%        N/A       5%          4
b - Vhi's Electric Charg  Tloc/Air       12%        N/A       56%         4
c - Blink                 Tloc           24%        N/A       1%          2

Your spell library contained the following spells:

 Spells                   Type           Power      Damage    Failure   Level
 Lesser Beckoning         Tloc           24%        N/A       1%          2
 Gell's Gravitas          Tloc           12%        N/A       1%          3
 Teleport Other           Tloc           12%        N/A       1%          3
 Passage of Golubria      Tloc           12%        N/A       5%          4
 Volatile Blastmotes      Fire/Tloc      18%        2d11      21%         3
 Dimensional Bullseye     Hex/Tloc       3%         N/A       56%         4
 Iskenderun's Mystic Bla  Conj/Tloc      6%         2d4       56%         4
 Dispersal                Tloc           6%         N/A       63%         6
 Magic Dart               Conj           0%         1d3       65%         1
 Necrotise                Necr           0%         1d4       65%         1
 Shock                    Conj/Air       0%         1d3       65%         1
 Slow                     Hex            0%         N/A       65%         1
 Sting                    Conj/Alch      0%         1d3       65%         1
 Call Imp                 Summ           0%         N/A       78%         2
 Cigotuvi's Dreadful Rot  Necr/Alch/Air  0%         N/A       78%         2
 Ensorcelled Hibernation  Hex/Ice        0%         N/A       78%         2
 Mercury Vapours          Alch/Air       0%         N/A       78%         2
 Scorch                   Fire           0%         2d5       78%         2
 Searing Ray              Conj           0%         2d4       78%         2
 Static Discharge         Conj/Air       0%         3-3/arc   78%         2
 Summon Forest            Summ/Tloc      3%         N/A       88%         5
 Call Canine Familiar     Summ           0%         N/A       95%         3
 Confusing Touch          Hex            0%         N/A       95%         3
 Dazzling Flash           Conj/Hex       0%         N/A       95%         3
 Fugue of the Fallen      Necr           0%         N/A       95%         3
 Inner Flame              Hex/Fire       0%         N/A       95%         3
 Mephitic Cloud           Conj/Alch/Air  0%         N/A       95%         3
 Ozocubu's Armour         Ice            0%         N/A       95%         3
 Passwall                 Erth           0%         N/A       95%         3
 Sigil of Binding         Hex            0%         N/A       95%         3
 Stone Arrow              Conj/Erth      0%         3d7       95%         3
 Swiftness                Air            0%         N/A       95%         3
 Tukima's Dance           Hex            0%         N/A       95%         3
 Airstrike                Air            0%         2d(0-16)  100%        4
 Anguish                  Hex/Necr       0%         N/A       100%        4
 Brom's Barrelling Bould  Conj/Erth      0%         2d3       100%        4
 Cause Fear               Hex            0%         N/A       100%        4
 Dispel Undead            Necr           0%         3d6       100%        4
 Flame Wave               Conj/Fire      0%         2d4       100%        4
 Fulminant Prism          Conj/Alch      0%         3d5       100%        4
 Ignite Poison            Fire/Alch      0%         N/A       100%        4
 Leda's Liquefaction      Alch/Erth      0%         N/A       100%        4
 Martyr's Knell           Necr/Summ      0%         N/A       100%        4
 Olgreb's Toxic Radiance  Alch           0%         N/A       100%        4
 Sticky Flame             Fire/Alch      0%         2d4       100%        4
 Summon Blazeheart Golem  Fire/Summ      0%         N/A       100%        4
 Summon Lightning Spire   Summ/Air       0%         N/A       100%        4
 Arcjolt                  Conj/Air       0%         1d10      100%        5
 Borgnjor's Vile Clutch   Necr/Erth      0%         N/A       100%        5
 Curse of Agony           Necr           0%         N/A       100%        5
 Fireball                 Conj/Fire      0%         3d3       100%        5
 Freezing Cloud           Conj/Ice/Air   0%         6-21      100%        5
 Lee's Rapid Deconstruct  Erth           0%         3d4*      100%        5
 Silence                  Hex/Air        0%         N/A       100%        5
 Summon Mana Viper        Hex/Summ       0%         N/A       100%        5
 Yara's Violent Unravell  Hex/Alch       0%         3d3       100%        5
 Bombard                  Conj/Erth      0%         9d1       100%        6
 Conjure Ball Lightning   Conj/Air       0%         3x3d6     100%        6
 Death Channel            Necr           0%         N/A       100%        6
 Eringya's Noxious Bog    Alch           0%         4d6       100%        6
 Plasma Beam              Fire/Air       0%         2x1d10    100%        6
 Sculpt Simulacrum        Ice/Alch       0%         N/A       100%        6
 Starburst                Conj/Fire      0%         6d3       100%        6
 Summon Cactus Giant      Summ           0%         N/A       100%        6
 Enfeeble                 Hex            0%         N/A       100%        7
 Haunt                    Necr/Summ      0%         N/A       100%        7
 Malign Gateway           Summ/Tloc      3%         N/A       100%        7
 Monstrous Menagerie      Summ           0%         N/A       100%        7
 Orb of Destruction       Conj           0%         9d5       100%        7
 Ozocubu's Refrigeration  Ice            0%         4d7       100%        7
 Spellforged Servitor     Conj/Summ      0%         N/A       100%        7
 Summon Hydra             Summ           0%         N/A       100%        7
 Discord                  Hex            0%         N/A       100%        8
 Disjunction              Tloc           6%         N/A       100%        8
 Ignition                 Fire           0%         3d3       100%        8
 Infestation              Necr           0%         N/A       100%        8
 Lehudib's Crystal Spear  Conj/Erth      0%         10d2      100%        8
 Maxwell's Capacitive Co  Air            0%         ∞         100%        8
 Summon Horrible Things   Summ           0%         N/A       100%        8
 Polar Vortex             Ice            0%         N/A       100%        9
 Sublimation of Blood     Necr           Unusable   N/A       N/A         2
 Animate Armour           Summ/Erth      Unusable   N/A       N/A         4
 Animate Dead             Necr           Unusable   N/A       N/A         4

Dungeon Overview and Level Annotations

Branches:
Dungeon (15/15)            Temple (1/1) D:6            Lair (5/5) D:11
 Shoals (4/4) Lair:2       Spider (4/4) Lair:3        Slime (5/5) Lair:4
    Orc (2/2) D:9             Elf (3/3) Orc:2        Vaults (5/5) D:13
  Crypt (3/3) Vaults:2       Tomb (1/3) Crypt:3      Depths (4/4) D:15
   Hell (visited)             Dis (0/7) Hell            Geh (0/7) Hell
    Coc (0/7) Hell            Tar (0/7) Hell            Zot (5/5) Depths:4
Ossuary (visited)         Volcano (visited)

Altars:
Ashenzari
Cheibriados
Dithmenos
Elyvilon
Fedhas
Gozag
Hepliaklqana
Kikubaaqudgha
Makhleb
Nemelex Xobeh
Okawaru
Qazlal
Ru
Sif Muna
Trog
Uskayaw
Vehumet
Wu Jian
Xom
Yredelemnul
Zin
The Shining One
Beogh
Jiyva
Lugonu

Shops:
D:3 =   D:11 *   Orc:2 (*([   Elf:2 :   Elf:3 ==:=   Lair:2 **!=:
Shoals:1 (?*   Spider:1 *   Vaults:1 *   Vaults:2 [   Vaults:3 (   Vaults:4 :
Vaults:5 *!?[!!=

Portals:
Hell: Depths:1 Depths:2 Depths:3 Depths:4
Abyss: Depths:3 Depths:4
Pandemonium: Depths:1 Depths:2
Ziggurat: Depths:3


Innate Abilities, Weirdness & Mutations

You are a living statue of rough stone.
Your actions are slow, but your melee attacks are powerful.
You are resistant to unholy torment.
Your maximum health is greatly increased.
You cannot wear most types of armour.
You are amphibious.
You can wear up to eight rings at the same time.
You are immune to poison.
Your skin changes colour to match your surroundings (Stealth+).
((Your rubbery body absorbs attacks. (AC +1, EV +1)))
((You are camouflaged when in or above water. (Stealth+)))
You have tentacles for arms and can constrict up to eight enemies at once.
One of your tentacles bears a nasty spike.
You have supernaturally acute eyesight. (SInv)
Your body sometimes deteriorates upon taking damage.
You are dopey. (Int -2)
You are robust. (+10% HP)
((You are covered in fur. (AC +1)))
You occasionally lose the ability to drink potions when taking damage.


Message History

You block the reaper's attack. x2
The reaper attacks as it pursues you! The reaper barely misses you.
You block the reaper's attack. The reaper attacks as it pursues you!
The reaper completely misses you. The reaper attacks as it pursues you!
You block the reaper's attack. The reaper attacks as it pursues you!
You block the reaper's attack. x2
The reaper attacks as it pursues you! You block the reaper's attack.
The reaper attacks as it pursues you! You block the reaper's attack. x2
There is a stone staircase leading up here.
You block the reaper's attack.
You climb upwards.
There is a stone staircase leading down here.
A sixfirhy comes into view.
A red film seems to cover your vision as you go berserk!
You feel yourself moving faster!
You feel mighty!
You completely miss the sixfirhy. You grab the sixfirhy.
Your tentacle spike misses the sixfirhy.
You tentacle-slap the sixfirhy!!!
The necklace of Bloodlust glows a violent red.
You kill the sixfirhy!
You feel a strong urge to attack something.
You see here a +0 hand axe.
You feel your anger nearly subside.
You are no longer berserk.
You are exhausted.
You feel yourself slow down.
Things that are here:
a +0 dagger; a goblin skeleton
There is a stone staircase leading up here.
You climb upwards.
There is a stone staircase leading down here.
You feel yourself speed up.
A large abomination comes into view.
You feel yourself speed up.
You recover from your berserk rage.
You see here a hobgoblin skeleton.
Your extra speed is starting to run out.
There is an open door here.
There is a staircase leading out of the dungeon here.
You have escaped!

..#.#.##.###.###.##
..#.#.#...#...#...#
......#.⌠.#.⌠.#.⌠.#
......#...#...#...#
......##.###.###.##
...#..##.# #.# #.#
...#..##.###.###.##
...#..#...#...#...###
.#...>#.⌠...⌠.#.I.'.#
....#.#...#...#...#.#
....#.#############.#
........#.##.#......#
......#.#.##.#X###.##
......#.#....#.# #.#
......#.#.##.#.# #.#
.............#X# #.#
###.......X....###.#


There were no monsters in sight!

Vanquished Creatures
  the Royal Jelly (Slime:5)
  Dissolution (Slime:4)
  Khufu (Tomb:1)
  5 dread liches
  Frederick (Vaults:4)
  6 ancient liches
  6 orbs of fire
  Sojobo (Crypt:3)
  Xtahua (Crypt:2)
  Boris (Depths:3)
  5 royal mummies (Tomb:1)
  Parghit (Depths:3)
  Saint Roka (Vaults:3)
  Bai Suzhen (Vaults:5)
  9 Killer Klowns
  2 curse toes
  Geryon (Hell)
  Margery (Crypt:1)
  9 golden dragons
  4 profane servitors
  A pearl dragon (Abyss:1)
  5 bone dragons
  Arachne (Spider:4)
  A Brimstone Fiend (Depths:4)
  3 hellephants
  An Ice Fiend (D:11)
  Jorgrun (Elf:1)
  14 tentacled monstrosities
  4 electric golems
  A Hell Sentinel (Abyss:1)
  A walking earthen tome (Abyss:5)
  6 liches
  25 Orb Guardians (Zot:5)
  A walking crystal tome (Abyss:5)
  2 deep elf blademasters
  4 quicksilver dragons
  16 titans
  2 deep elf master archers (Elf:3)
  13 acid blobs
  2 Executioners
  11 sphinxes
  4 krakens
  17 tentacled starspawn
  5 death cobs
  2 ancient champions
  4 tengu reavers
  Agnes (D:15)
  10 shadow dragons
  23 storm dragons
  6 protean progenitors
  Aizul (Elf:2)
  A daeva (D:14)
  13 azure jellies
  8 rockslimes (Slime:5)
  22 vault wardens
  Roxanne (Elf:2)
  5 draconian monks
  3 revenants
  11 fire giants
  An iron dragon (Vaults:5)
  6 draconian knights
  5 deep elf elementalists (Elf:3)
  5 ghost moths
  8 deep elf sorcerers
  9 draconian shifters
  10 draconian scorchers
  10 frost giants
  4 emperor scorpions (Spider:4)
  A caustic shrike zombie (Hell)
  A balrug (Depths:1)
  2 curse skulls (Crypt:3)
  A juggernaut zombie (Hell)
  17 ghouls
  A cacodemon (Abyss:3)
  3 orc warlords
  4 draconian stormcallers
  9 ironbound preservers
  4 broodmothers
  2 formless jellyfish
  9 quicksilver oozes
  10 draconian annihilators
  9 reapers
  A spriggan defender (Depths:4)
  13 stone giants
  8 ironbound thunderhulks
  20 very ugly things
  2 juggernaut skeletons
  10 deep elf death magi
  13 green draconians
  7 deep elf demonologists (Elf:3)
  6 vampire knights
  11 white draconians
  11 black draconians
  Nessos (D:13)
  A lorocyproca (Abyss:4)
  7 deep elf annihilators
  3 war gargoyles
  A wendigo (Hell)
  16 dire elephants
  11 red draconians
  15 yellow draconians
  9 spark wasps
  Snorg (Lair:5)
  8 purple draconians
  7 eidola (Crypt:3)
  4 green deaths
  An iron golem (Hell)
  4 jiangshi
  8 mummy priests
  A quicksilver dragon zombie (Crypt:3)
  13 merfolk impalers
  2 blizzard demons
  3 crystal guardians
  7 fire dragons
  12 yaktaur captains
  8 merfolk javelineers
  4 spriggan zombies
  Josephine (D:10)
  7 ettins
  6 deep elf high priests
  5 hydras
  3 peacekeepers
  4 entropy weavers
  7 ice dragons
  12 great orbs of eyes
  6 ironbound frosthearts
  3 rakshasas
  A radroach (shapeshifter) (Vaults:5)
  2 radroaches
  2 alligators (Zot:1)
  35 vault guards
  2 spriggan air magi
  7 jorogumos
  2 spriggan skeletons
  8 merfolk aquamancers
  14 centaur warriors
  31 dancing weapons
  An alligator snapping turtle (Shoals:4)
  11 two-headed ogres
  Erica (D:7)
  5 catoblepae
  8 boulder beetles
  3 ogre magi
  4 tengu warriors
  4 death yaks
  A fenstrider witch skeleton (Crypt:2)
  4 death knights
  3 merfolk avatars
  10 death scarabs
  A two-headed ogre (shapeshifter) (Depths:4)
  11 deep troll shamans
  2 orc high priests (Elf:1)
  A hell hog (Lair:5)
  A satyr (Shoals:4)
  15 thrashing horrors
  13 deep troll earth magi
  2 titan zombies
  Urug (Lair:2)
  2 spriggan berserkers (Depths:3)
  7 vampire magi
  28 hell knights
  7 demonic crawlers
  8 wretched stars
  11 sun demons
  18 deep elf knights
  4 crystal echidnas (Hell)
  2 storm dragon zombies
  Sonja (Lair:3)
  Amaemon (D:8)
  4 sixfirhies
  3 soul eaters (Hell)
  12 iron trolls
  3 pharaoh ants
  4 skysharks
  16 skeletal warriors
  A death drake (Abyss:5)
  4 sun moths
  8 spatial maelstroms
  An anaconda zombie (Crypt:3)
  7 flayed ghosts
  44 deep trolls
  A golden dragon zombie (Crypt:3)
  2 shadow demons (Abyss:4)
  A spark wasp zombie (Depths:2)
  A mana viper (shapeshifter) (Vaults:5)
  11 orb spiders
  A bunyip zombie (Crypt:3)
  7 sea snakes
  23 ironbound convokers
  24 large abominations
  9 deep elf archers
  4 spriggan simulacra
  18 necromancers
  2 tengu zombies (Hell)
  A goliath frog zombie (Crypt:2)
  An orange crystal statue (Hell)
  4 arcanists
  6 bog bodies
  11 lindwurms
  8 glowing orange brains
  13 orc knights
  4 thermic dynamos (Elf:1)
  52 starcursed masses
  5 steelbarb worms
  25 phantasmal warriors
  23 deep elf zephyrmancers
  19 harpies
  3 stone giant zombies
  A fenstrider witch simulacrum (Hell)
  A bunyip skeleton (Hell)
  29 wolf spiders
  7 shining eyes
  2 iron dragon zombies
  28 deep elf pyromancers
  20 manticores
  A shining eye (shapeshifter) (D:15)
  A shadow dragon skeleton (Abyss:1)
  40 ugly things
  A will-o-the-wisp (Abyss:5)
  5 fauns (Shoals:2)
  5 orc sorcerers
  13 cyclopes
  Maurice (Orc:1)
  A moth of wrath (shapeshifter) (Vaults:5)
  6 worldbinders
  7 merfolk sirens
  24 moths of wrath
  14 meliai
  13 elephants
  4 apocalypse crabs
  5 kobold blastminers
  A fire giant zombie (Hell)
  2 dire elephant zombies (Crypt:3)
  3 rust devils
  A torpor snail (shapeshifter) (Elf:2)
  8 smoke demons
  3 orange demons
  5 torpor snails
  17 vault sentinels
  An alligator snapping turtle zombie (Crypt:2)
  4 black mambas
  4 molten gargoyles
  10 water nymphs
  An eye of devastation (Slime:5)
  4 dire elephant skeletons
  4 gargoyles
  7 rime drakes
  13 cane toads
  Jeremiah (D:9)
  3 ice devils
  6 komodo dragons
  3 hellions
  4 freezing wraiths
  5 kobold demonologists
  43 yaktaurs
  2 tengu conjurers
  2 efreet (Volcano)
  4 tormentors
  6 harpy zombies
  8 guardian mummies
  22 merfolk
  9 ancient zymes
  A silent spectre (Abyss:3)
  A red devil (Hell)
  3 catoblepas skeletons (Abyss:5)
  12 polar bears
  6 wind drakes
  10 trolls
  A hellwing (D:4)
  38 tarantellas
  4 glass eyes
  5 hornets
  2 iron dragon simulacra (Hell)
  A wind drake (shapeshifter) (Vaults:5)
  22 raiju
  6 snapping turtles
  A sun moth zombie (Crypt:1)
  3 ettin zombies
  2 harpy skeletons
  A hydra skeleton (Hell)
  10 human skeletons (Vaults:3)
  95 slime creatures
  5 dream sheep (Lair:5)
  18 culicivoras
  A satyr skeleton (Crypt:2)
  12 spriggans (Lair:3)
  12 air elementals
  26 jumping spiders
  2 shadows (D:11)
  2 centaur simulacra
  A spriggan (shapeshifter) (Elf:3)
  7 ynoxinuls
  62 yaks
  10 wyverns
  5 vampires (D:10)
  2 ushabtiu
  2 dire elephant simulacra
  15 wraiths
  6 wargs
  3 fire bats (Lair:4)
  A basilisk (shapeshifter) (Abyss:3)
  A golden eye (shapeshifter) (D:13)
  5 fire elementals
  5 neqoxecs
  37 water elementals
  4 golden eyes
  A glowing shapeshifter zombie (Hell)
  A steam dragon (D:7)
  8 basilisks
  4 chaos spawn
  46 redbacks
  A catoblepas simulacrum (Crypt:1)
  2 harpy simulacra (Hell)
  8 small abominations
  7 spatial vortices (Abyss:4)
  An acid dragon (shapeshifter) (Abyss:4)
  3 naga zombies (Crypt:3)
  3 acid dragons
  A faun zombie (Crypt:1)
  27 hell hounds
  13 water moccasins
  A glowing shapeshifter skeleton (Crypt:1)
  A swamp drake (shapeshifter) (D:13)
  A crocodile (shapeshifter) (Abyss:1)
  2 ice beasts
  4 sky beasts
  13 black bears
  24 laughing skulls
  3 boggarts (Lair:3)
  40 orc warriors
  15 centaurs
  35 wolves
  6 ogres
  2 phantoms
  A swamp dragon skeleton (Hell)
  An elf zombie (Ossuary)
  3 weeping skulls
  3 kobold brigands
  16 bullfrogs
  2 gnoll sergeants
  4 brain worms
  5 scorpions
  12 earth elementals
  A draconian skeleton (Crypt:1)
  5 wyvern skeletons (Crypt:3)
  27 wights
  9 killer bees
  11 howler monkeys
  4 bombardier beetles
  19 orc priests
  2 quasits (Abyss:3)
  3 human zombies (Ossuary)
  5 centaur zombies
  8 hounds
  6 jellies
  2 gnoll boudas
  A sleepcap (D:8)
  2 iron imps
  3 iguanas
  19 orc wizards
  A boggart zombie (Crypt:1)
  5 hell rats
  2 naga skeletons
  A hound zombie (Ossuary)
  An acid dragon skeleton (Crypt:2)
  22 mummies
  21 gnolls
  7 adders
  11 river rats (Lair:1)
  6 white imps
  5 ufetubi
  7 adder zombies (Ossuary)
  A dart slug (D:1)
  A ribbon worm (D:3)
  73 orcs
  17 endoplasms
  2 giant cockroaches
  6 goblins
  3 hobgoblins
  8 jackals
  22 kobolds
  3 quokkas
  5 ball pythons
  A ball python zombie (Crypt:2)
  7 bats
  A frilled lizard (D:1)
  6 gnoll zombies (Ossuary)
  A hobgoblin zombie (D:6)
  6 jackal zombies (Ossuary)
  10 kobold zombies
  3 orc zombies (Ossuary)
  13 rats
  A river rat skeleton (Crypt:2)
  5 aspiring fleshes
  2 lurking horrors
  3 starspawn tentacles
  3 tentacles (Shoals:3)
3067 creatures vanquished.

Vanquished Creatures (collateral kills)
  Vv (Crypt:3)
  A tentacled monstrosity (Vaults:5)
  An acid blob (Abyss:5)
  A titan (Vaults:5)
  A storm dragon (Vaults:5)
  A tengu reaver (Vaults:5)
  2 shadow dragons (Vaults:5)
  A shard shrike simulacrum (Abyss:5)
  A spark wasp (Spider:4)
  2 yaktaur captains (Vaults:5)
  5 vault guards (Vaults:5)
  A thrashing horror (Abyss:5)
  A sixfirhy (Abyss:5)
  3 deep trolls (Vaults:4)
  A spatial maelstrom (Abyss:5)
  2 large abominations (Abyss:5)
  A freezing wraith (Crypt:3)
  A golden eye (Abyss:5)
  3 redbacks (Spider:4)
  A basilisk (Abyss:5)
  2 starcursed masses (Abyss:5)
  2 earth elementals (Abyss:5)
35 creatures vanquished.

Vanquished Creatures (others)
  A fire giant (Depths:3)
  A deep elf knight (Elf:1)
  A hell hound (Abyss:3)
  An earth elemental (Volcano)
  A hell rat (Hell)
  A white imp (Abyss:3)
  A rat (Lair:1)
  3 foxfires (Abyss:5)
  A lurking horror (Abyss:5)
  28 starspawn tentacles
  30 tentacles
69 creatures vanquished.

Grand Total: 3171 creatures vanquished

Notes
Turn   | Place    | Note
-------+----------+-------------------------------------------
     0 | D:1      | starts1789 the Octopode Shapeshifter began the quest for
                  | the Orb.
     0 | D:1      | Reached XP level 1. HP: 13/13 MP: 1/1
   233 | D:1      | Reached XP level 2. HP: 18/18 MP: 2/2
   421 | D:1      | Reached XP level 3. HP: 20/23 MP: 3/3
   831 | D:2      | Got Zocof's Secrets of Cinders
   847 | D:2      | Reached XP level 4. HP: 29/29 MP: 4/4
  1179 | D:3      | Found a hide-covered altar of Uskayaw.
  1183 | D:3      | Found a bloodstained altar of Trog.
  1189 | D:3      | Found a stormy altar of Qazlal.
  1193 | D:3      | Found a shadowy altar of Dithmenos.
  1208 | D:3      | Found a burning altar of Makhleb.
  1213 | D:3      | Found an iron altar of Okawaru.
  1269 | D:3      | Found a sacrificial altar of Ru.
  1281 | D:3      | Reached XP level 5. HP: 26/34 MP: 5/5
  1504 | D:3      | Found Vivi's Jewellery Emporium.
  1532 | D:3      | Reached XP level 6. HP: 38/41 MP: 6/6
  2306 | D:4      | Reached skill level 5 in Shapeshifting
  2306 | D:4      | Reached XP level 7. HP: 31/46 MP: 7/7
  2947 | D:5      | Entered Level 5 of the Dungeon
  3146 | D:5      | Found an ancient bone altar of Kikubaaqudgha.
  3566 | D:5      | Reached XP level 8. HP: 54/54 MP: 8/8
  3775 | D:5      | Reached skill level 5 in Unarmed Combat
  4159 | D:6      | Found a sand-covered staircase.
  4164 | Ossuary  | Entered an ossuary
  4926 | D:6      | Reached skill level 5 in Dodging
  5150 | D:6      | Reached skill level 5 in Fighting
  5150 | D:6      | Reached XP level 9. HP: 36/61 MP: 9/9
  5459 | D:6      | Found an ornate altar of the Wu Jian Council.
  5589 | D:6      | Found a staircase to the Ecumenical Temple.
  5597 | Temple   | Entered the Ecumenical Temple
  5616 | Temple   | Became a worshipper of Gozag Ym Sagoz the Greedy
  6538 | D:7      | Identified the +6 scale mail "Feitiuje" {rN+}
  6579 | D:7      | Noticed a kobold demonologist
  6582 | D:7      | Noticed a sun demon
  6584 | D:7      | Noticed a sun demon
  6682 | D:7      | Noticed a rust devil
  6745 | D:7      | Noticed an ice devil
  6745 | D:7      | Killed a kobold demonologist
  7151 | D:3      | Bought a +6 ring of strength for 432 gold pieces
  7253 | D:7      | Identified the +0 long sword of Yrcheacu {flame, *Slow
                  | rElec rCorr Int+6}
  7355 | D:7      | Reached XP level 10. HP: 32/68 MP: 10/10
  8366 | D:8      | Noticed Amaemon
  8366 | D:8      | Noticed an orange demon
  8374 | D:7      | Killed an orange demon
  8718 | D:8      | Noticed Erica
  8831 | D:7      | Killed Erica
  8832 | D:7      | Reached skill level 10 in Shapeshifting
  8852 | D:8      | Reached XP level 11. HP: 50/75 MP: 11/11
  9220 | D:3      | Bought a +4 ring of protection for 432 gold pieces
  9828 | D:9      | Found a staircase to the Orcish Mines.
  9910 | D:9      | Noticed a two-headed ogre
 10013 | D:9      | Paralysed by a hornet for 3 turns
 10189 | D:9      | Noticed Jeremiah
 10382 | D:9      | Killed a two-headed ogre
 10476 | D:9      | Found a roughly hewn altar of Beogh.
 10731 | D:9      | Killed Jeremiah
 11967 | D:3      | Bought a +4 ring of protection for 432 gold pieces
 12088 | D:8      | Killed Amaemon
 12171 | D:10     | Entered Level 10 of the Dungeon
 12426 | D:10     | Noticed Josephine
 12445 | D:10     | Killed Josephine
 12447 | D:10     | Noticed a two-headed ogre
 12454 | D:10     | Killed a two-headed ogre
 12455 | D:10     | Reached XP level 12. HP: 40/84 MP: 12/12
 13355 | D:11     | Found Xeepe's General Store.
 13364 | D:11     | Bought a scroll of identify for 30 gold pieces
 13364 | D:11     | Bought a scroll of identify for 30 gold pieces
 13521 | D:11     | Noticed a two-headed ogre
 13551 | D:11     | Killed a two-headed ogre
 13552 | D:11     | Reached skill level 1 in Evocations
 13763 | D:11     | Noticed a two-headed ogre
 13808 | D:11     | Identified the +10 flail "Impslayer" {flame, rN+ Dex+3}
 13986 | D:10     | Killed a two-headed ogre
 14309 | D:11     | Noticed a four-headed hydra
 14310 | D:11     | Noticed a two-headed ogre
 14565 | D:10     | Killed a four-headed hydra
 14634 | D:11     | Killed a two-headed ogre
 14835 | D:11     | Noticed an ogre mage
 14841 | D:11     | Killed an ogre mage
 14843 | D:11     | Reached skill level 10 in Unarmed Combat
 14999 | D:11     | Noticed a centaur warrior
 15014 | D:11     | Killed a centaur warrior
 15052 | D:11     | Found a staircase to the Lair.
 15151 | D:11     | Reached XP level 13. HP: 71/91 MP: 13/13
 15196 | D:11     | Identified the ring "Xulolem" {rElec rPois rC+ Dex+6
                  | Stlth+}
 15352 | D:11     | Identified the ring "Bilyus" {*Corrode rElec rC+ Will+
                  | Dex+4}
 15361 | D:11     | Identified the amulet "Zagap" {Acrobat +Inv rF+}
 15375 | D:11     | Identified the ring of Icat Nyxt {Fire ^Contam ^Drain rN+++
                  | Int+4}
 15558 | Lair:1   | Entered Level 1 of the Lair of Beasts
 15571 | Lair:1   | Reached skill level 10 in Dodging
 16146 | Lair:1   | Reached skill level 10 in Fighting
 17461 | Lair:2   | Reached skill level 5 in Evocations
 17802 | Lair:2   | Found a staircase to the Shoals.
 17979 | Lair:2   | Noticed Urug
 17991 | Lair:2   | Killed Urug
 18402 | Lair:3   | Found a hole to the Spider Nest.
 18410 | Lair:3   | Noticed Sonja
 18764 | Lair:3   | Reached XP level 14. HP: 99/99 MP: 14/14
 19644 | Lair:3   | Killed Sonja
 19809 | Lair:4   | Found a viscous altar of Jiyva.
 19812 | Lair:4   | Found a staircase to the Slime Pits.
 19876 | Lair:4   | Found a dark tunnel.
 19888 | Volcano  | Entered a volcano
 21451 | Lair:5   | Entered Level 5 of the Lair of Beasts
 21874 | Lair:5   | Noticed a dire elephant
 21874 | Lair:5   | Noticed Snorg
 21878 | Lair:5   | Found a blossoming altar of Fedhas.
 22379 | Lair:5   | Noticed a dire elephant
 22402 | Lair:5   | Killed a dire elephant
 22720 | Lair:5   | Reached XP level 15. HP: 96/108 MP: 15/15
 23948 | Lair:5   | Identified the +3 triple sword of the Ass {flame, ^Drain
                  | rPois Int+5}
 24197 | Lair:5   | Killed Snorg
 24842 | Orc:1    | Entered Level 1 of the Orcish Mines
 24971 | Orc:2    | Entered Level 2 of the Orcish Mines
 25050 | Orc:2    | Found a staircase to the Elven Halls.
 25305 | Orc:2    | Noticed an orc warlord
 25324 | Orc:2    | Killed an orc warlord
 25563 | Orc:2    | Found Vipoon's General Store.
 25563 | Orc:2    | Found Hiaduer's Antique Weapon Shop.
 25563 | Orc:2    | Found Decugap's Antique Armour Boutique.
 25906 | Orc:1    | HP: 3/109 [kobold blastminer/iron shot (25)]
 26500 | Orc:1    | Noticed Maurice
 26564 | Orc:1    | Killed Maurice
 26819 | Orc:2    | Found Notwuocs's Weapon Shoppe.
 27264 | D:11     | Reached skill level 15 in Shapeshifting
 28232 | D:13     | Noticed Nessos
 28246 | D:13     | Killed Nessos
 28379 | D:13     | Reached XP level 16. HP: 116/116 MP: 16/16
 28506 | D:13     | Identified the +0 scale mail of Happiness {rN+}
 28755 | D:13     | Reached skill level 10 in Evocations
 29558 | D:13     | Found a gate to the Vaults.
 30077 | D:13     | Identified a scroll of acquirement
 30961 | D:15     | Entered Level 15 of the Dungeon
 31778 | D:15     | Found a staircase to the Depths.
 32091 | D:15     | Noticed Agnes
 32098 | D:15     | Killed Agnes
 32790 | Depths:1 | Entered Level 1 of the Depths
 33144 | Depths:1 | Found a glowing golden altar of the Shining One.
 33446 | Lair:2   | Bought the necklace of Bloodlust {Fury *Rage Will++ Int-3
                  | Slay+6} for 588 gold pieces
 33446 | Lair:2   | Bought the ring "Lan Qoosser" {Will+ Str+5 Stlth+} for 588
                  | gold pieces
 33446 | Lair:2   | Found the necklace of Bloodlust {Fury *Rage Will++ Int-3
                  | Slay+6}
 33480 | Shoals:1 | Entered Level 1 of the Shoals
 33523 | Shoals:1 | Acquired 705 gold pieces
 33533 | Shoals:1 | Noticed a kraken
 33557 | Shoals:1 | Reached XP level 17. HP: 83/123 MP: 17/17
 33796 | Shoals:1 | Found Biopoqy's General Store.
 33975 | Shoals:1 | Identified the +5 morningstar "Zezabowe" {freeze, Int+3
                  | SInv}
 34079 | Shoals:1 | Noticed a kraken
 34086 | Shoals:1 | Reached skill level 1 in Stealth
 34200 | Shoals:1 | Identified the amulet "Diamot" {Acrobat rN+ MP+9}
 34983 | Shoals:1 | Noticed a tentacled monstrosity
 34993 | Shoals:1 | Killed a tentacled monstrosity
 35006 | Shoals:1 | Got the Encyclopedia of Mad Ravings
 35008 | Shoals:1 | Identified the ring of the Last Interlopers {Fly Int+3}
 35255 | Shoals:1 | Killed a kraken
 35358 | Shoals:1 | Killed a kraken
 36060 | Shoals:2 | Identified the +7 war axe of Mog Peda {holy, Str+3 Stlth+}
 36182 | Shoals:2 | Reached skill level 5 in Stealth
 37176 | Shoals:3 | Noticed a kraken
 37467 | Shoals:3 | Noticed a kraken
 37475 | Shoals:3 | Killed a kraken
 37592 | Shoals:3 | HP: 1/125 [merfolk/+0 trident[a merfolk aquamancer] (16)]
 38266 | Shoals:3 | Killed a kraken
 38336 | Shoals:4 | Entered Level 4 of the Shoals
 38456 | Shoals:4 | Paralysed by an air elemental for 1 turns
 38551 | Shoals:4 | Reached XP level 18. HP: 132/132 MP: 18/18
 39098 | Shoals:4 | Paralysed by an air elemental for 1 turns
 39698 | Shoals:4 | Paralysed by a formless jellyfish for 1 turns
 39908 | Shoals:4 | Paralysed by an air elemental for 1 turns
 40345 | Shoals:4 | HP: 3/132 [merfolk/the +8 trishula "Condemnation" {holy,
                  | anguish, *Noise Fly rN+}[a merfolk javelineer] (29)]
 40705 | Shoals:4 | Got a barnacled rune of Zot
 41007 | Spider:1 | Entered Level 1 of the Spider Nest
 41168 | Spider:1 | You fall into a shaft and drop 1 floor!
 41327 | Spider:1 | Reached skill level 15 in Unarmed Combat
 42226 | Elf:1    | Entered Level 1 of the Elven Halls
 42303 | Elf:1    | Reached skill level 15 in Dodging
 42426 | Elf:1    | Reached skill level 15 in Fighting
 42517 | Elf:1    | Noticed Jorgrun
 42524 | Elf:1    | Killed Jorgrun
 42970 | Elf:1    | Got Dispater's Encyclopedia of Summoning
 43639 | Elf:2    | Reached XP level 19. HP: 139/139 MP: 19/19
 43668 | Elf:2    | Identified the +3 scimitar "Tacuil" {freeze, Will+ Int+3
                  | Dex+3}
 43735 | Elf:2    | Noticed Roxanne
 43749 | Elf:2    | Killed Roxanne
 43750 | Elf:2    | Reached skill level 10 in Stealth
 43784 | Elf:2    | Paralysed by an air elemental for 1 turns
 44003 | Elf:2    | Found Hibieme's Book Boutique.
 44109 | Elf:2    | Found a runed translucent gate.
 44109 | Elf:2    | Found a runed translucent gate.
 44109 | Elf:2    | Found a runed translucent gate.
 44125 | Elf:2    | Identified the serpent talisman of Puaziys {rF+ Dex+5}
 44125 | Elf:2    | Noticed Aizul
 44137 | Elf:2    | Killed Aizul
 44600 | Elf:3    | Entered Level 3 of the Elven Halls
 45232 | Elf:3    | Found Hitum's Jewellery Emporium.
 45232 | Elf:3    | Found Ivveb's Book Shop.
 45233 | Elf:3    | Found Oniss's Jewellery Emporium.
 45292 | Elf:3    | Noticed a Hell Sentinel
 45297 | Elf:3    | Noticed a Hell Sentinel
 45550 | Elf:3    | Reached XP level 20. HP: 147/147 MP: 20/20
 45556 | Elf:3    | Identified the +4 glaive "Uprowem" {freeze, Fly rCorr Str-5
                  | Int+5}
 45558 | Elf:3    | Identified the ring of Wiej Ifu {^Drain MP+9 Dex+4 Stlth+}
 45720 | Elf:3    | Identified the +6 falchion "Aroiwana" {elec, rPois Will+
                  | rCorr Dex+3}
 45818 | Elf:3    | Acquired a manual of Evocations
 45907 | Elf:3    | Identified the staff "Okowono" {rElec rF++ Str-2 Air}
 46275 | Spider:2 | Identified the +6 war axe of the Indestructible God {pain,
                  | rN++ Str-5}
 46438 | Spider:2 | Found a hide-covered altar of Uskayaw.
 47410 | Spider:3 | Reached skill level 15 in Evocations
 47933 | Spider:4 | Entered Level 4 of the Spider Nest
 48978 | Spider:4 | Noticed Arachne
 48989 | Spider:4 | Killed Arachne
 49082 | Spider:4 | Reached XP level 21. HP: 155/155 MP: 0/21
 49296 | Spider:4 | Got a gossamer rune of Zot
 49371 | Spider:4 | Upgraded the game from 0.32-a0-589-g2d1f746d5d to
                  | 0.32-a0-607-g64ea0e4219
 49570 | Vaults:1 | Entered Level 1 of the Vaults
 49819 | Vaults:1 | Reached skill level 1 in Shields
 50571 | Vaults:1 | Found Xemauri's General Store.
 50579 | Vaults:1 | Bought a scroll of acquirement for 572 gold pieces
 50579 | Vaults:1 | Acquired a manual of Unarmed Combat
 50931 | Vaults:2 | Found a staircase to the Crypt.
 50931 | Vaults:2 | Found an ancient bone altar of Kikubaaqudgha.
 50931 | Vaults:2 | Found a basalt altar of Yredelemnul.
 51464 | Vaults:2 | Found Vaniyreij's Antique Armour Shop.
 51896 | Vaults:3 | Found Muohecs's Weapon Shop.
 52307 | Vaults:3 | Noticed Saint Roka
 52318 | Vaults:3 | Killed Saint Roka
 52410 | Vaults:3 | Reached skill level 5 in Shields
 52410 | Vaults:3 | Reached XP level 22. HP: 163/163 MP: 22/22
 52618 | Vaults:3 | Identified the +4 battleaxe "Tuloq" {holy, *Rage rPois
                  | Will+ Int+2}
 52816 | Vaults:3 | You fall into a shaft and drop 1 floor!
 54197 | Vaults:4 | Identified the orb of the King of the Hill {light, Str+5
                  | Int+8 Dex-3 Slay-6}
 54197 | Vaults:4 | Noticed Frederick
 54217 | Vaults:4 | Killed Frederick
 54320 | Vaults:4 | Identified the +1 whip of the Penguin {heavy, rPois Str+3}
 54350 | Vaults:4 | Identified the amulet "Riemybif" {Regen+ rCorr}
 54428 | Vaults:4 | Identified the staff of the Skies Above {rF+ Stlth+ Conj}
 54462 | Vaults:4 | Noticed an ancient lich
 54474 | Vaults:4 | Killed an ancient lich
 54559 | Vaults:4 | Found Diugail's Book Emporium.
 55122 | Vaults:5 | Entered Level 5 of the Vaults
 55127 | Vaults:5 | Got the Collected Works on Rallied Percussion
 55162 | Vaults:5 | Noticed an ancient lich
 55168 | Vaults:5 | Killed an ancient lich
 55171 | Vaults:5 | Reached XP level 23. HP: 171/171 MP: 23/23
 55297 | Vaults:5 | Got the Essays on Omens
 55300 | Vaults:5 | Identified the +3 trident of Fragile Peace {holy, rElec
                  | MP+9 Int-4}
 55569 | Vaults:5 | Noticed Bai Suzhen
 55571 | Vaults:5 | Identified the +4 shortbow of Abuse {freeze, rPois Will+
                  | Dex+3}
 55571 | Vaults:5 | Identified the amulet "Mohym" {Spirit rElec rC- Int+3}
 55580 | Vaults:5 | Killed Bai Suzhen
 55592 | Vaults:5 | Noticed a golden dragon
 55593 | Vaults:5 | Identified the +6 scale mail of Valour {rF+ Stlth+}
 55595 | Vaults:5 | Noticed an ancient lich
 55595 | Vaults:5 | Noticed an ancient lich
 55600 | Vaults:5 | Killed an ancient lich
 55602 | Vaults:5 | Killed an ancient lich
 56071 | Vaults:5 | Noticed a golden dragon
 56080 | Vaults:5 | Killed a golden dragon
 56244 | Vaults:5 | Got a silver rune of Zot
 57437 | Slime:1  | Entered Level 1 of the Pits of Slime
 57655 | Slime:5  | Entered Level 5 of the Pits of Slime
 57656 | Slime:5  | Found the amulet of the Four Winds {rN+ Will+++ Clar}
 57672 | Slime:5  | Gained mutation: Your health recovers twice as slowly from
                  | being drained. [a shining eye]
 57673 | Slime:5  | Gained mutation: Your body sometimes deteriorates upon
                  | taking damage. [a shining eye]
 57682 | Slime:5  | Reached XP level 24. HP: 180/180 MP: 23/23
 57751 | Slime:5  | Noticed the Royal Jelly
 58147 | Slime:5  | Found the +10 tower shield of Ignorance {rN+ Int-4}
 58171 | Slime:5  | Noticed Dissolution
 58390 | Slime:4  | Killed Dissolution
 58637 | Slime:5  | Killed the Royal Jelly
 58867 | Slime:5  | Identified the +6 dagger "Newtbane" {drain, Int+2}
 58874 | Slime:5  | Identified the +3 shortbow of Utreboo {heavy, *Slow +Blink
                  | Will- rCorr}
 58962 | Slime:5  | Got a slimy rune of Zot
 59249 | Slime:5  | Identified the ring of Evum {Str+8 SInv}
 59258 | Slime:5  | Got the Elucidation of Wicked Acts and Pyromancy
 59617 | Crypt:1  | Entered Level 1 of the Crypt
 59638 | Crypt:1  | Noticed Margery
 59657 | Crypt:1  | Killed Margery
 59680 | Crypt:1  | Reached skill level 10 in Shields
 60076 | Crypt:1  | Identified the ring of Rarieg {rElec rF+ rN+ Will+ Int+2}
 60340 | Crypt:2  | Noticed Xtahua
 60348 | Crypt:2  | Killed Xtahua
 60968 | Crypt:3  | Entered Level 3 of the Crypt
 61003 | Crypt:3  | Noticed Sojobo
 61028 | Crypt:3  | Paralysed by an air elemental for 1 turns
 61030 | Crypt:3  | Killed Sojobo
 61502 | Crypt:3  | Noticed Vv
 61511 | Crypt:3  | Killed Vv
 61797 | Crypt:3  | Reached XP level 25. HP: 187/187 MP: 23/23
 61827 | Crypt:3  | Found a staircase to the Tomb.
 62237 | Crypt:3  | Found the +7 great mace "Undeadhunter" {deathbane, rN+}
 62410 | Crypt:3  | Got the Lessons on Violence
 62540 | Crypt:3  | Found a basalt altar of Yredelemnul.
 63199 | Depths:1 | Acquired a manual of Fighting
 63522 | Depths:1 | Found a one-way gate leading to the halls of Pandemonium.
 63765 | Depths:1 | Found a gateway to Hell.
 63942 | Hell     | Entered the Vestibule of Hell
 63942 | Hell     | Noticed Geryon
 63952 | Hell     | Killed Geryon
 64421 | Hell     | Reached XP level 26. HP: 197/197 MP: 23/23
 64457 | Hell     | Found a gateway to the freezing wastes of Cocytus.
 64564 | Hell     | Found a gateway to the Iron City of Dis.
 64733 | Hell     | Found a gateway to the decaying netherworld of Tartarus.
 64808 | Hell     | Found a gateway to the ashen valley of Gehenna.
 65646 | Depths:2 | Acquired the +3 crown of Dyrovepreva {rElec Int+2 SInv}
 65646 | Depths:2 | Found the +3 crown of Dyrovepreva {rElec Int+2 SInv}
 65989 | Depths:3 | Identified the +3 robe of Gestures {rF++ Int-3 SInv Stlth+}
 65989 | Depths:3 | Noticed Boris
 65999 | Depths:3 | Killed Boris
 66306 | Depths:3 | Found a corrupted altar of Lugonu.
 66307 | Depths:3 | Found a one-way gate to the infinite horrors of the Abyss.
 66346 | Depths:3 | Found a shimmering altar of Xom.
 66352 | Depths:3 | Found a one-way gateway to a ziggurat.
 66356 | Depths:3 | Gained mutation: You are frail. (-10% HP) [a shining eye]
 66360 | Depths:3 | Gained mutation: Your muscles are strong. (Str +4, Int/Dex
                  | -1) [a shining eye]
 66458 | Depths:3 | Found a portal to a secret trove of treasure.
 66459 | Depths:3 | Noticed Parghit
 66465 | Depths:3 | Killed Parghit
 66866 | Depths:3 | You paid a toll of a +5 demon trident to enter a treasure
                  | trove
 66867 | Trove    | Entered a treasure trove
 66870 | Trove    | Found the crystal ball of Wucad Mu {*channel}
 66912 | Trove    | Identified the +3 quarterstaff of Waeriyca {venom, rF-
                  | Int+2 Stlth+}
 66963 | Depths:4 | Entered Level 4 of the Depths
 67270 | Depths:4 | Found an ancient bone altar of Kikubaaqudgha.
 67681 | Depths:4 | Found a gate to the Realm of Zot.
 67714 | Depths:4 | Reached XP level 27. HP: 186/186 MP: 23/23
 67856 | Zot:1    | Entered Level 1 of the Realm of Zot
 67911 | Depths:4 | Voluntarily entered the Abyss.
 67928 | Abyss:1  | Found a corrupted altar of Lugonu.
 68042 | Abyss:1  | Found a corrupted altar of Lugonu.
 68072 | Abyss:1  | Found a corrupted altar of Lugonu.
 68144 | Abyss:1  | Found a corrupted altar of Lugonu.
 68225 | Abyss:1  | Found a corrupted altar of Lugonu.
 68601 | Abyss:2  | Found a corrupted altar of Lugonu.
 68747 | Abyss:3  | Found a corrupted altar of Lugonu.
 68941 | Abyss:3  | Gained mutation: You occasionally shout uncontrollably at
                  | your foes. [a neqoxec]
 69115 | Abyss:3  | Found a corrupted altar of Lugonu.
 69134 | Abyss:3  | Found a corrupted altar of Lugonu.
 69705 | Abyss:5  | Paralysed by accursed screaming for 1 turns
 69772 | Abyss:5  | Got an abyssal rune of Zot
 69959 | Abyss:5  | Noticed a dread lich
 69965 | Abyss:5  | Killed a dread lich
 69969 | Abyss:5  | Paralysed by accursed screaming for 1 turns
 70023 | Depths:4 | Escaped the Abyss
 70224 | Depths:4 | Lost mutation: Your muscles are strong. (Str +4, Int/Dex
                  | -1) [potion of mutation]
 70224 | Depths:4 | Lost mutation: You are frail. (-10% HP) [potion of
                  | mutation]
 70224 | Depths:4 | Lost mutation: Your body sometimes deteriorates upon taking
                  | damage. [potion of mutation]
 70224 | Depths:4 | Gained mutation: You frequently scream uncontrollably at
                  | your foes. [potion of mutation]
 70445 | Vaults:5 | Bought a potion of haste for 150 gold pieces
 70445 | Vaults:5 | Bought a potion of might for 60 gold pieces
 70450 | Vaults:5 | Bought a potion of curing for 57 gold pieces
 70450 | Vaults:5 | Bought a potion of cancellation for 152 gold pieces
 70450 | Vaults:5 | Bought a potion of heal wounds for 95 gold pieces
 70450 | Vaults:5 | Bought a potion of curing for 57 gold pieces
 70455 | Vaults:5 | Bought a potion of heal wounds for 110 gold pieces
 70455 | Vaults:5 | Bought a potion of heal wounds for 110 gold pieces
 70455 | Vaults:5 | Bought a potion of heal wounds for 110 gold pieces
 70455 | Vaults:5 | Bought a potion of experience for 1100 gold pieces
 70759 | Zot:1    | Reached skill level 1 in Translocations
 70934 | Zot:1    | Identified the +8 flail of Ossai {venom, rN+ Int+3 Dex+2}
 71023 | Zot:1    | Reached skill level 15 in Shields
 71642 | Zot:1    | Got the Almanac of the Pure Invaders
 71658 | Zot:1    | You fall into a shaft and drop 1 floor!
 71879 | Zot:1    | Reached skill level 5 in Translocations
 73577 | Zot:3    | Learned a level 4 spell: Manifold Assault
 74090 | Zot:3    | Learned a level 4 spell: Vhi's Electric Charge
 74355 | Zot:4    | Noticed an orb of fire
 74358 | Zot:4    | Killed an orb of fire
 74874 | Zot:5    | Entered Level 5 of the Realm of Zot
 74880 | Zot:5    | Noticed an orb of fire
 74882 | Zot:5    | Gained mutation: You are dopey. (Int -2) [an orb of fire]
 74888 | Zot:5    | Killed an orb of fire
 75588 | Zot:5    | Noticed a dread lich
 75592 | Zot:5    | Killed a dread lich
 75694 | Zot:5    | Noticed an orb of fire
 75704 | Zot:5    | Noticed an orb of fire
 75704 | Zot:5    | Noticed an ancient lich
 75706 | Zot:5    | Killed an orb of fire
 75706 | Zot:5    | Noticed a dread lich
 75709 | Zot:5    | Gained mutation: You are clumsy. (Dex -2) [an orb of fire]
 75711 | Zot:5    | Gained mutation: You do not regenerate when monsters are
                  | visible. [an orb of fire]
 75716 | Zot:5    | Killed an ancient lich
 75719 | Zot:5    | Killed a dread lich
 75721 | Zot:5    | Killed an orb of fire
 75722 | Zot:5    | Reached skill level 10 in Translocations
 75878 | Zot:5    | Lost mutation: You do not regenerate when monsters are
                  | visible. [potion of mutation]
 75878 | Zot:5    | Lost mutation: You frequently scream uncontrollably at your
                  | foes. [potion of mutation]
 75878 | Zot:5    | Gained mutation: Your body sometimes deteriorates upon
                  | taking damage. [potion of mutation]
 75878 | Zot:5    | Gained mutation: One of your tentacles bears a spike.
                  | [potion of mutation]
 76222 | Zot:5    | Noticed an orb of fire
 76231 | Zot:5    | Killed an orb of fire
 76232 | Zot:5    | Noticed an orb of fire
 76232 | Zot:5    | Gained mutation: You sometimes lose your temper in combat.
                  | [an orb of fire]
 76232 | Zot:5    | Noticed a dread lich
 76236 | Zot:5    | Noticed a dread lich
 76241 | Zot:5    | Killed an orb of fire
 76242 | Zot:5    | Noticed an ancient lich
 76242 | Zot:5    | Killed a dread lich
 76244 | Zot:5    | Killed an ancient lich
 76246 | Zot:5    | Killed a dread lich
 77684 | Tomb:1   | Entered Level 1 of the Tomb of the Ancients
 77716 | Tomb:1   | Lost mutation: You sometimes lose your temper in combat.
                  | [potion of mutation]
 77716 | Tomb:1   | Lost mutation: You occasionally shout uncontrollably at
                  | your foes. [potion of mutation]
 77716 | Tomb:1   | Gained mutation: A frigid envelope surrounds you and
                  | freezes all who hurt you. [potion of mutation]
 77716 | Tomb:1   | Gained mutation: Your muscles are strong. (Str +4, Int/Dex
                  | -1) [potion of mutation]
 77716 | Tomb:1   | Gained mutation: One of your tentacles bears a nasty spike.
                  | [potion of mutation]
 77717 | Tomb:1   | Lost mutation: A frigid envelope surrounds you and freezes
                  | all who hurt you. [potion of mutation]
 77717 | Tomb:1   | Lost mutation: One of your tentacles bears a nasty spike.
                  | [potion of mutation]
 77717 | Tomb:1   | Lost mutation: You are clumsy. (Dex -2) [potion of
                  | mutation]
 77717 | Tomb:1   | Gained mutation: You occasionally lose the ability to read
                  | scrolls when taking damage. [potion of mutation]
 77717 | Tomb:1   | Gained mutation: You occasionally lose the ability to drink
                  | potions when taking damage. [potion of mutation]
 77717 | Tomb:1   | Gained mutation: You are covered in fur. (AC +1) [potion of
                  | mutation]
 77718 | Tomb:1   | Lost mutation: Your health recovers twice as slowly from
                  | being drained. [potion of mutation]
 77718 | Tomb:1   | Lost mutation: You occasionally lose the ability to read
                  | scrolls when taking damage. [potion of mutation]
 77718 | Tomb:1   | Lost mutation: Your muscles are strong. (Str +4, Int/Dex
                  | -1) [potion of mutation]
 77718 | Tomb:1   | Gained mutation: You are robust. (+10% HP) [potion of
                  | mutation]
 77718 | Tomb:1   | Gained mutation: You have supernaturally acute eyesight.
                  | (SInv) [potion of mutation]
 77718 | Tomb:1   | Gained mutation: One of your tentacles bears a nasty spike.
                  | [potion of mutation]
 78071 | Tomb:1   | Noticed a royal mummy
 78092 | Tomb:1   | Noticed Khufu
 78094 | Tomb:1   | Noticed a royal mummy
 78106 | Tomb:1   | Killed Khufu
 78113 | Tomb:1   | Killed a royal mummy
 78115 | Tomb:1   | Killed a royal mummy
 78470 | Tomb:1   | Noticed a royal mummy
 78470 | Tomb:1   | Noticed a royal mummy
 78480 | Tomb:1   | Killed a royal mummy
 78497 | Tomb:1   | Killed a royal mummy
 78852 | Tomb:1   | Noticed a royal mummy
 78859 | Tomb:1   | Killed a royal mummy
 78892 | Tomb:1   | Got Sif Muna's Lessons on Location
 78933 | Tomb:1   | Learned a level 2 spell: Blink
 79742 | Zot:5    | Got the Orb of Zot
 80131 | D:12     | Noticed Leosynke the pandemonium lord
 80176 | D:8      | Noticed Dyuw Jim the pandemonium lord
 80345 | D:$      | Escaped with the Orb!

Illustrated notes

Levels and vault maps discovered:
D:1:      minmay_arrival_nine_rooms, layout_basic, dreamdust_princess_bridge
D:2:      layout_rooms
D:3:      layout_basic, nicolae_ru_great_annihilating_truth,
          nicolae_overflow_hallway_of_the_gods, serial_shops, shop
D:4:      layout_basic
D:5:      layout_gridville, mainiacjoe_overflow_chevrons
D:6:      layout_loops_cross, nzn_wu_jian_council_hall,
          minmay_temple_entry_fiery, nicolae_ossuary_entry_giza
D:7:      layout_gridville, minmay_alternating_orb
D:8:      layout_cave_pools, uniq_erica, uniq_amaemon
D:9:      layout_basic, minmay_orc_entry_temple_small, lightli_fourway_metalbox,
          uniq_jeremiah
D:10:     layout_basic, serial_library_hellmonk_metal_room, uniq_josephine
D:11:     minmay_the_grid_triangle_9x9_rhombus_thin
          [minmay_the_grid_triangle_9x9_corrupted_corridor,
          minmay_the_grid_triangle_9x9_prize_special,
          minmay_the_grid_triangle_9x9_dagger,
          minmay_the_grid_triangle_9x9_cache], layout_irregular_city,
          lair_entry_dummy, serial_shops, nicolae_shop_crystal
D:12:     layout_irregular_city
D:13:     minmay_concentric_multi, layout_basic, david_vaults_1,
          lemuel_flamethrower_2, uniq_nessos
D:14:     layout_basic
D:15:     hangedman_depths_entry_try_elsewhere_first, layout_stronghold,
          grunt_decor_cap, nicolae_titane, uniq_agnes
Temple:   nicolae_temple_figure_eight
Lair:1:   layout_hall_layers, nicolae_lair_grove_arrangements,
          nicolae_lair_lil_pond, kennysheep_abandoned_house, lemuel_fruit_tree
Lair:2:   layout_roguey, elwin_shoals_entry_stream, grunt_megastairs_2,
          uniq_urug
Lair:3:   kb_forest_paths, layout_big_grid, spider_nest_entry_web_field,
          uniq_sonja
Lair:4:   layout_gridlike, nicolae_slime_entry_slimehenge,
          nicolae_volcano_entry_batcave, patterned_corridor
Lair:5:   hangedman_lair_caniforms_friends, layout_hall_layers,
          hangedman_lair_in_review, basic_altar, lemuel_fruit_fields, uniq_snorg
Shoals:1: dreamdust_from_the_deep, layout_shoals, serial_shops,
          nicolae_shop_crystal, st_sunken_temple
Shoals:2: layout_shoals, nicolae_shoals_land_atoll, st_shoals_ruin
Shoals:3: layout_shoals
Shoals:4: shoals_end_hellmonk_storm_palace [storm_palace_center_ruins,
          storm_palace_corner_reverse_hut, storm_palace_corner_grid,
          storm_palace_corner_blocked, storm_palace_corner_pillars]
Spider:1: layout_spider_delve, hellmonk_spider_spawner,
          hangedman_spider_tarantella_strand
Spider:2: layout_chambers, nicolae_spider_altar_of_dancing
Spider:3: layout_spider_delve
Spider:4: johnstein_spider_rune_arachne_lair
Slime:1:  layout_caves, cheibrodos_slime_lost_civilization_7
Slime:2:  layout_caves
Slime:3:  layout_caves
Slime:4:  layout_caves
Slime:5:  slime_pit_nicolae_inversion, uniq_dissolution
Orc:1:    layout_diamond_mine, uniq_maurice
Orc:2:    st_orc_rangers, layout_diamond_mine, minmay_orc_barracks
Elf:1:    nicolae_elf_arrival_no_cutting_in_line, layout_geoelf_octagon,
          kb_rosetta, minmay_crystal_room, uniq_jorgrun
Elf:2:    elven_hall_of_blades_hangedman_original [mumra_blade_entry_dagger],
          layout_geoelf_diagonals, serial_shops, nicolae_shop_hallway_stairs,
          uniq_roxanne, uniq_aizul
Elf:3:    minmay_elf_hall_quartered_circle, layout_rooms, minmay_shop_grove
Vaults:1: nicolae_vaults_swerve, nicolae_vaults_big_angled_halls,
          vaults_standard_mumra_lines, v_alt_pattern_3, lightli_orcish_oven,
          v_misc_9, nicolae_vaults_trapezoid_lopsided_1,
          nicolae_vaults_surprise_closet, serial_ice_m,
          vaults_dpeg_emergency_exit, v_alt_pattern_5, vaults_mumra_minichess,
          vaults_mumra_chevron, nicolae_vaults_apartment_1,
          layout_vaults_omnibox, serial_shops, nicolae_shop_tiny_statue_garden
Vaults:2: minmay_crypt_entry_necro_gods, v_rooms_5, vaults_room_hallway,
          ontoclasm_vaults_shout, nicolae_vaults_frosty_reception,
          nicolae_vaults_alarming, nicolae_vaults_hallways_thing,
          nicolae_vaults_heist, nicolae_vaults_sealed_display,
          grunt_vaults_swirl, nicolae_vaults_little_squares_5,
          nicolae_vaults_apartment_1, ontoclasm_vaults_gateway,
          ontoclasm_vaults_decontamination, nicolae_vaults_little_squares_6,
          layout_vaults_big_cross, serial_shops, nicolae_shop_tiny_glass
Vaults:3: v_misc_27, nicolae_vaults_closet_pinwheel_2,
          nicolae_vaults_trapezoid_3, ontoclasm_vaults_hangar,
          nicolae_vaults_cornered_office, vaults_room_stairs_pillars,
          nicolae_vaults_sightless_eye, vaults_standard_mumra_enter_the_diamond,
          dpeg_vaults_monster_doublerow, hangedman_vaults_snaps,
          nicolae_vaults_variable_pillar_hall, layout_vaults_chaotic_city,
          serial_shops, nicolae_shop_waterfront, uniq_saint_roka
Vaults:4: nicolae_vaults_offset_grid_hallway_3, ontoclasm_vaults_bender,
          nicolae_vaults_storing_the_good_stuff, v_misc_29,
          nicolae_vaults_tetromino_T_2, hangedman_vaults_river_flow,
          vaults_room_semicircle, v_alt_pattern_1,
          nicolae_vaults_variable_pillar_hall, nicolae_vaults_tetromino_L_2,
          nicolae_vaults_storage_room_water, nicolae_vaults_double_plus_2,
          nicolae_vaults_gold_heap, layout_vaults_omnigrid, serial_shops, shop,
          uniq_frederick
Vaults:5: uniq_bai_suzhen
Crypt:1:  layout_rooms, uniq_margery
Crypt:2:  layout_chaotic_city, uniq_xtahua
Crypt:3:  evilmike_haunted_forest, uniq_sojobo, uniq_vv
Tomb:1:   uniq_khufu
Depths:1: layout_twisted_cross, lightli_too_deep, rand_demon_pan_entry_7,
          minmay_misc_feat_pillars, tso_altar, firewood_loft, grunt_megastairs_1
Depths:2: minmay_shoctagon, layout_long_grid, grunt_pan_entry_zigzag,
          grunt_hell_entry_dis_mu, chequers_serial_rivers_marsh
Depths:3: minmay_thick_lines, layout_cave_pools, enter_ziggurat_d,
          abyss_entry_flame_altar, pf_coc_iceberg, enter_trove_5,
          xom_teletrap_fun, uniq_parghit, uniq_boris
Depths:4: evilmike_zot_entry_round, layout_gridlike, hell_entry,
          nicolae_kikubaaqudgha_miasma_corner, abyss_entry,
          minmay_shattered_shrine
Hell
Zot:1:    minmay_elemental_castle, layout_onion,
          regret_index_zotdec_split_disrupt
Zot:2:    layout_cathedral_of_symmetry, skrybe_zot_glass_2
Zot:3:    layout_basic
Zot:4:    layout_concentric_octagons, regret_index_zotdec_banners
Zot:5:    layout_gridlike, lemuel_lake_of_fire

Skill      XL: |  1  2  3  4  5  6  7  8  9 10 11 12 13 14 15 16 17 18 19 20 21 22 23 24 25 26 27 |
---------------+----------------------------------------------------------------------------------+-----
Fighting       | 2 3 4 5 6 7 8 9 10 11 12 13 14 15 16 17 18 19 20 21 24 | 24.3
Shapeshifting  | 4 5 7 8 10 11 12 13 14 15 16 17 18 19 20 21 22 | 22.9
Dodging        | 3 4 5 6 7 8 9 10 11 12 13 14 15 16 17 18 19 20 23 | 23.1
Unarmed Combat | 4 5 6 8 9 10 12 13 14 15 16 18 19 20 21 22 24 | 24.8
Evocations     | 3 5 8 9 11 12 13 14 16 17 19 20 21 22 24 | 24.4
Stealth        | 6 9 10 | 10.0
Shields        | 5 7 9 10 12 13 17 | 17.1
Translocations | 12 | 12.4

Action                     |  1- 3 |  4- 6 |  7- 9 | 10-12 | 13-15 | 16-18 | 19-21 | 22-24 | 25-27 || total
---------------------------+-------+-------+-------+-------+-------+-------+-------+-------+-------++-------
  Melee: Unarmed           |    49 |    89 |   287 |   479 |  1099 |   779 |   690 |   782 |  1666 ||  5920
         Constrict         |    13 |    22 |    80 |    64 |   202 |   161 |   160 |   105 |   244 ||  1051
         Tentacles         |    12 |    15 |    72 |   157 |   352 |   274 |   179 |   235 |   412 ||  1708
         Punch             |     2 |     1 |    14 |     1 |   116 |   107 |    86 |   133 |   318 ||   778
         Maw               |       |       |       |    19 |   526 |   357 |     9 |       |       ||   911
         Kick              |       |       |       |       |       |       |       |       |    59 ||    59
  Throw: Stone             |     1 |       |    54 |       |     5 |       |       |       |       ||    60
   Cast: Manifold Assault  |       |       |       |       |       |       |       |       |    19 ||    19
 Invoke: Potion Petition   |       |       |       |       |     1 |       |       |       |       ||     1
         Call Merchant     |       |       |       |       |       |     8 |     1 |     4 |     3 ||    16
  Evoke: Wand              |       |       |       |     3 |       |    23 |    17 |    14 |    70 ||   127
         Phantom mirror    |       |       |       |       |       |     1 |     1 |     4 |     1 ||     7
         Lightning rod     |       |       |       |       |       |       |     4 |       |     4 ||     8
         Condenser vane    |       |       |       |       |       |       |     2 |     3 |     1 ||     6
         Sack of spiders   |       |       |       |       |       |       |       |     1 |     2 ||     3
         Phial of floods   |       |       |       |       |       |       |       |     1 |       ||     1
         Horn of Geryon    |       |       |       |       |       |       |       |       |     2 ||     2
         Box of beasts     |       |       |       |       |       |       |       |       |     2 ||     2
    Use: Potion            |       |       |     1 |     3 |     3 |     8 |     1 |     6 |     9 ||    31
         Scroll            |       |       |       |    24 |    12 |     5 |     4 |     9 |    13 ||    67
   Stab: Sleeping          |     6 |     1 |     4 |     1 |    21 |    37 |    36 |    21 |    17 ||   144
         Paralysed         |       |     1 |       |       |       |       |       |       |       ||     1
         Distracted        |       |       |     1 |       |    17 |    16 |    16 |    18 |    47 ||   115
         Petrified         |       |       |       |       |     2 |       |       |       |     1 ||     3
 Armour: Skin              |    19 |    25 |   152 |   189 |   403 |   376 |   354 |   403 |   556 ||  2477
  Dodge: Dodged            |    28 |    54 |   206 |   400 |  1036 |   613 |   805 |   979 |  1474 ||  5595
  Block: Kite shield       |       |       |       |       |   207 |   326 |   392 |   450 |       ||  1375
         Tower shield      |       |       |       |       |       |       |       |   295 |  2489 ||  2784
   Form: Flux              |       |       |     1 |       |       |       |       |       |       ||     1
         Maw               |       |       |       |     1 |       |       |       |       |       ||     1
         Statue            |       |       |       |       |       |       |     1 |       |       ||     1

Table legend: (Time is in decaauts)
 A = Elapsed time spent in this place.
 B = Non-inter-level travel time spent in this place.
 C = Inter-level travel time spent in this place.
 D = Time resting spent in this place.
 E = Time spent auto-exploring this place.
 F = Levels seen in this place.
 G = Mean time per level.
                   A        B        C        D        E       F      G
               +--------+--------+--------+--------+--------+-----+--------+
         Total |  99776 |  88911 |  10865 |   1365 |  64410 |  66 | 1511.8 |
       Dungeon |  22905 |  19002 |   3903 |    127 |  15300 |  15 | 1527.0 |
        Temple |     31 |      7 |     24 |      0 |      5 |   1 |   31.0 |
          Lair |   9396 |   8303 |   1093 |     28 |   6741 |   5 | 1879.2 |
        Shoals |   7753 |   7399 |    354 |    375 |   5350 |   4 | 1938.2 |
   Spider Nest |   6143 |   5822 |    321 |     25 |   4492 |   4 | 1535.8 |
    Slime Pits |   2897 |   2746 |    151 |     61 |   1834 |   5 |  579.4 |
  Orcish Mines |   2333 |   2042 |    291 |      0 |   1522 |   2 | 1166.5 |
   Elven Halls |   5347 |   4831 |    516 |      0 |   3533 |   3 | 1782.3 |
        Vaults |  12373 |  10928 |   1445 |    108 |   7519 |   5 | 2474.6 |
         Crypt |   5410 |   4683 |    727 |      0 |   3271 |   3 | 1803.3 |
          Tomb |   2501 |   2346 |    155 |    300 |   1299 |   1 | 2501.0 |
        Depths |   8174 |   6960 |   1214 |     36 |   5378 |   4 | 2043.5 |
          Hell |    896 |    866 |     30 |      0 |    490 |   1 |  896.0 |
           Zot |   9091 |   8454 |    637 |    224 |   6185 |   5 | 1818.2 |
         Abyss |   3160 |   3160 |      0 |     79 |    669 |   5 |  632.0 |
         Trove |    115 |    115 |      0 |      0 |     63 |   1 |  115.0 |
       Ossuary |    587 |    587 |      0 |      0 |    301 |   1 |  587.0 |
       Volcano |    656 |    656 |      0 |      0 |    454 |   1 |  656.0 |
               +--------+--------+--------+--------+--------+-----+--------+

Top non-repeatable levels by time:
 Crypt:3: 3195 daAuts
   Zot:5: 2965 daAuts
Vaults:5: 2885 daAuts
  Lair:5: 2873 daAuts
Depths:4: 2768 daAuts
Shoals:4: 2732 daAuts
Vaults:2: 2671 daAuts
     D:7: 2542 daAuts
Vaults:3: 2522 daAuts
  Tomb:1: 2501 daAuts
Vaults:4: 2372 daAuts
Depths:1: 2368 daAuts
Spider:4: 2183 daAuts
Shoals:1: 2176 daAuts
    D:15: 2075 daAuts
